 Dungeon Crawl Stone Soup version 0.30.1 (webtiles) character file.

Game seed: 3931759606976218219

1019 AgateBread the Thaumaturge (level 8, -4/41 HPs)
             Began as a Deep Elf Fire Elementalist on July 2, 2023.
             Slain by a steam dragon (8 damage)
             ... on level 6 of the Dungeon.
             The game lasted 00:29:22 (8329 turns).

AgateBread the Thaumaturge (DEFE)                   Turns: 8329, Time: 00:29:23

Health: -4/41      AC:  5    Str:  5    XL:     8   Next: 2%
Magic:  19/22      EV: 11    Int: 23    God:
Gold:   169        SH:  0    Dex: 15    Spells: 13/23 levels left

rFire   . . .        p - +2 dagger (venom)
rCold   . . .        (no shield)
rNeg    + . .        n - +0 leather armour
rPois   .            B - +0 helmet
rElec   .            (no cloak)
rCorr   .            u - +0 pair of gloves
SInv    .            (no boots)
Will    .....        z - amulet of magic regeneration
Stlth   +++          r - ring of positive energy
HPRegen 0.26/turn    (no ring)
MPRegen 0.58/turn

%: no passive effects
@: no status effects
A: no striking features
a: no special abilities


You were on level 6 of the Dungeon.
You visited 1 branch of the dungeon, and saw 6 of its levels.

You collected 219 gold pieces.
You spent 50 gold pieces at shops.

Inventory:

Hand Weapons
 l - a +0 falchion
 o - a +0 vampiric dagger
 p - a +2 dagger of venom (weapon)
 q - a +2 short sword of holy wrath
 E - a +0 great sword
 F - a +0 shortbow
Missiles
 x - 6 poisoned darts
Armour
 a - a +0 robe
 i - a +0 ring mail
 n - a +0 leather armour (worn)
 u - a +0 pair of gloves (worn)
 B - a +0 helmet (worn)
 H - a +0 scale mail
Jewellery
 r - a ring of positive energy (left hand)
 z - an amulet of magic regeneration (around neck)
 G - a ring of positive energy
Wands
 w - a wand of charming (11)
 C - a wand of digging (4)
Scrolls
 d - a scroll of poison {unknown}
 e - 2 scrolls of teleportation
 g - a scroll of amnesia {unknown}
 j - 2 scrolls of fog
 m - a scroll of enchant weapon {unknown}
 t - a scroll of magic mapping
 y - a scroll of immolation {unknown}
 D - a scroll of identify
Potions
 b - a potion of magic
 c - a potion of haste {unknown}
 f - a potion of flight
 h - a potion of invisibility {unknown}
 k - 4 potions of curing
 s - a potion of lignification {unknown}
 v - 4 potions of attraction
 A - a potion of cancellation {unknown}


   Skills:
 - Level 2.4 Dodging
 - Level 6.2 Stealth
 - Level 8.0 Spellcasting
 - Level 1.1 Conjurations
 + Level 7.2 Fire Magic


You had 13 spell levels left.
You knew the following spells:

 Your Spells              Type           Power      Damage    Failure   Level
a - Foxfire               Conj/Fire      100%       2x1d9     1%          1
b - Scorch                Fire           84%        2d8       1%          2
c - Flame Wave            Conj/Fire      28%        2d9       21%         4
d - Swiftness             Air            9%         N/A       34%         3

Your spell library contained the following spells:

 Spells                   Type           Power      Damage    Failure   Level
 Inner Flame              Hex/Fire       25%        N/A       8%          3
 Volatile Blastmotes      Fire/Tloc      50%        2d14      8%          3
 Shock                    Conj/Air       44%        1d5       10%         1
 Freeze                   Ice            36%        1d5       12%         1
 Hailstorm                Conj/Ice       11%        3d5       28%         3
 Frozen Ramparts          Ice            18%        1d3       34%         3
 Airstrike                Air            4%         2d(1-17)  75%         4


Dungeon Overview and Level Annotations

Branches:
Dungeon (6/15)
 Temple: D:4-7

Altars:
Ashenzari
Kikubaaqudgha
Qazlal
Yredelemnul

Shops:
D:2 !   D:5 *:

Annotations:
D:5 Dowan


Message History

H - a +0 scale mail You start resting.
HP restored.
You start resting.
Magic restored.
You start waiting.
Done waiting.
Found a stone staircase leading down.
There is a stone staircase leading down here.
You see here a book of Frost.
You see here a book of Frost.
A steam dragon comes into view.
Casting: Scorch (safe; 1% risk of failure)
Press: ? - help, Q - select action, (/) - cycle Dir - look around, f - activate Flames lash the steam dragon.
The steam dragon is moderately wounded.
The steam dragon's fire resistance burns away.
Casting: Scorch (safe; 1% risk of failure)
Press: ? - help, Q - select action, (/) - cycle Dir - look around, f - activate Flames lash the steam dragon.
The steam dragon is burned terribly!
The steam dragon is severely wounded.
Casting: Foxfire (safe; 1% risk of failure)
Press: ? - help, Q - select action, (/) - cycle Dir - look around, f - activate You conjure some foxfire!
The steam dragon breathes steam at you. The ball of steam hits you!!
Ouch! That really hurt!
The ball of steam misses your foxfire.
You hear a bark!
You hear a shout!
The foxfire hits the steam dragon.
The steam dragon is burned terribly!
The steam dragon is severely wounded.
The foxfire hits the steam dragon but does no damage.
The steam dragon is severely wounded.
The steam dragon bites you! The steam dragon completely misses you.
You hit the steam dragon.
The steam dragon is poisoned.
The steam dragon is almost dead.
You are engulfed in a cloud of scalding steam.
* * * LOW HITPOINT WARNING * * *
The steam dragon bites you!
You die...

#...#...#...#...#...# #
.#.###.#.....#.###.#.
###...###...###...###.
.#.....#.###.#.....# ##
..#.. #. #...#...#...#
..##### ..#...##### ..#
..#...#...#...#...#...#
.#.....# ##.#..D..#
###...## ..###ยง@.##
.#.###.#.... #.###.#
#...# .[#...#.. .#
#...# ..#####.. # #...#
.# #.. .#.## . .#.
###.. #. .### # #...
.....


You could see a steam dragon (very poisoned, combustible).

Vanquished Creatures
  A sky beast (D:3)
  A black bear (D:6)
  A centaur (D:6)
  A phantom (D:5)
  A bullfrog (D:6)
  4 wights (D:6)
  2 jellies
  3 hounds
  An iguana (D:4)
  2 orc wizards (D:6)
  A gnoll (D:5)
  4 adders
  A shadow imp (D:4)
  2 white imps (D:6)
  An ufetubus (D:5)
  2 dart slugs
  9 orcs
  10 ball pythons
  8 endoplasms
  3 giant cockroaches (D:2)
  12 goblins
  4 hobgoblins
  12 jackals
  10 quokkas
  4 bats
  3 frilled lizards
  11 kobolds
  2 rats
116 creatures vanquished.

Vanquished Creatures (others)
  107 foxfires
107 creatures vanquished.

Grand Total: 223 creatures vanquished

Notes
Turn   | Place    | Note
-------+----------+-------------------------------------------
     0 | D:1      | AgateBread the Deep Elf Fire Elementalist began the quest
                  | for the Orb.
     0 | D:1      | Reached XP level 1. HP: 10/10 MP: 6/6
   621 | D:1      | Reached XP level 2. HP: 15/15 MP: 3/8
   642 | D:1      | Learned a level 2 spell: Scorch
  1874 | D:2      | Reached skill level 4 in Spellcasting
  1938 | D:2      | Reached XP level 3. HP: 19/19 MP: 6/10
  2794 | D:2      | Found Hoguif's Distillery.
  2804 | D:2      | Bought a potion of heal wounds for 50 gold pieces
  3503 | D:3      | Found an ancient bone altar of Kikubaaqudgha.
  3535 | D:3      | Reached XP level 4. HP: 24/24 MP: 7/12
  3805 | D:3      | Noticed a sky beast
  3810 | D:3      | Killed a sky beast
  3811 | D:3      | Reached skill level 5 in Stealth
  3811 | D:3      | Reached skill level 5 in Spellcasting
  3811 | D:3      | Reached XP level 5. HP: 13/28 MP: 3/15
  4599 | D:4      | Reached skill level 6 in Spellcasting
  5037 | D:4      | Found a basalt altar of Yredelemnul.
  5037 | D:4      | Found a stormy altar of Qazlal.
  5466 | D:4      | Reached XP level 6. HP: 15/32 MP: 7/17
  6280 | D:5      | Entered Level 5 of the Dungeon
  6304 | D:5      | Found Quimism's Elemental Accessories.
  6335 | D:5      | Learned a level 4 spell: Flame Wave
  6351 | D:5      | Found a broken altar of Ashenzari.
  6540 | D:5      | Reached skill level 7 in Spellcasting
  6797 | D:5      | Found Zumuv's Book Boutique.
  7035 | D:5      | Noticed Dowan
  7171 | D:5      | Learned a level 3 spell: Swiftness
  7508 | D:6      | Reached XP level 7. HP: 36/36 MP: 17/20
  7556 | D:6      | Reached skill level 5 in Fire Magic
  7562 | D:6      | Reached skill level 8 in Spellcasting
  8051 | D:6      | Reached XP level 8. HP: 37/41 MP: 12/22
  8329 | D:6      | Slain by a steam dragon

Illustrated notes

Levels and vault maps discovered:
D:1:      roderic_octagonal_star, layout_basic, serial_corexii_hall,
          chequers_hall_statues_corner_a, chequers_hall_statues_corner_a,
          corexii_hall_statues_l, corexii_hall_statues_l
D:2:      layout_basic, serial_shops, shop
D:3:      kennysheep_the_goblin_king, layout_loops_ring,
          nicolae_kikubaaqudgha_miasma_corner
D:4:      layout_cave_pods, chequers_temple_overflow_statue_of_worship
D:5:      layout_basic, minitemple, cheibrodos_ashenzari_chains,
          nicolae_elemental_shop, kennysheep_diamond, grunt_decor_junction,
          uniq_duvessa
D:6:      nicolae_cairo_tiling, layout_cave_pods, serial_glass, glass_columns_b,
          glass_columns_b, palyth_stone_intersect, grunt_ministairs_9

Skill      XL: |  1  2  3  4  5  6  7 |
---------------+----------------------+-----
Stealth        | 3 4 5 6 |  6.2
Spellcasting   | 4 5 6 7 8 |  8.0
Fire Magic     | 4 7 |  7.2
Dodging        | |  2.4
Conjurations   | |  1.1

Action                     |  1- 3 |  4- 6 |  7- 9 || total
---------------------------+-------+-------+-------++-------
  Melee: Dagger            |    13 |    11 |     3 ||    27
         Falchion          |     5 |       |       ||     5
   Cast: Foxfire           |    36 |    23 |     4 ||    63
         Scorch            |    31 |    63 |    29 ||   123
  Evoke: Wand              |       |       |     2 ||     2
    Use: Potion            |       |     1 |       ||     1
         Scroll            |       |     5 |     2 ||     7
 Armour: Robe              |     4 |       |       ||     4
         Leather armour    |     6 |    10 |     6 ||    22
  Dodge: Dodged            |    18 |    23 |    12 ||    53
